 Dungeon Crawl Stone Soup version 0.29-a0-369-gd956c00756 (webtiles) character file.

Game seed: 1379415005851961433

1738 Antichthon the Cudgeller (level 9, -5/55 HPs)
             Began as a Gargoyle Fighter on May 2, 2022.
             Slain by a two-headed ogre
             ... wielding a +0 giant spiked club
              (12 damage)
             ... on level 6 of the Dungeon.
             The game lasted 00:10:20 (4304 turns).

Antichthon the Cudgeller (Gargoyle Fighter)         Turns: 4304, Time: 00:10:20

Health: -5/55      AC: 22    Str: 25    XL:     9   Next: 5%
Magic:  11/11      EV:  7    Int:  8    God:
Gold:   229        SH:  5    Dex:  9    Spells: 8/8 levels left

rFire   . . .      SeeInvis +   a - +0 flail
rCold   . . .      Faith    .   c - +0 buckler
rNeg    + . .      Spirit   .   o - +0 plate armour
rPois   ∞          Reflect  .   n - +0 helmet
rElec   +          Harm     .   (no cloak)
rCorr   .          Rampage  .   l - +0 pair of gloves
Will    .....                   m - +0 pair of boots
Stlth   ..........              e - amulet of regeneration
HPRegen 0.98/turn               k - ring of flight
MPRegen 0.12/turn               r - ring of see invisible

@: flying
A: sickness immunity, AC +6, negative energy resistance 1, electricity
resistance, torment resistance 1, petrification resistance
a: no special abilities


You were on level 6 of the Dungeon.
You visited 1 branch of the dungeon, and saw 6 of its levels.

You collected 229 gold pieces.

Inventory:

Hand Weapons
 a - a +0 flail (weapon)
 u - the +10 hunting sling of Purpose {venom, rElec rPois Will+ Int-2}
   (You found it on level 5 of the Dungeon)

   Any ammunition fired from it poisons the flesh of those it strikes.
   Int:       It affects your intelligence (-2).
   rElec:     It insulates you from electricity.
   rPois:     It protects you from poison.
   Will:      It increases your willpower.
Armour
 c - a +0 buckler (worn)
 l - a +0 pair of gloves (worn)
 m - a +0 pair of boots (worn)
 n - a +0 helmet (worn)
 o - a +0 plate armour (worn)
Jewellery
 e - an amulet of regeneration (around neck)
 f - a +6 ring of intelligence
 k - a ring of flight (left hand)
 r - a ring of see invisible (right hand)
Wands
 q - a wand of flame (15)
Scrolls
 b - 2 scrolls of amnesia
 i - a scroll of magic mapping
 s - 2 scrolls of teleportation
Potions
 d - a potion of might
 g - a potion of berserk rage {unknown}
 h - 2 potions of curing {unknown}
 j - 2 potions of attraction {unknown}
 p - a potion of ambrosia {unknown}
 t - 2 potions of brilliance {unknown}
 v - a potion of lignification {unknown}
 w - a potion of haste {unknown}


   Skills:
 * Level 5.7 Fighting
 * Level 7.0 Maces & Flails
 * Level 6.1 Armour
 * Level 2.6 Dodging
 * Level 5.4 Shields
 * Level 3.6 Invocations


You had 8 spell levels left.
You didn't know any spells.
Your spell library contained the following spells:

 Spells                   Type           Power      Damage    Failure   Level
 Animate Skeleton         Necr           0%         N/A       100%        1
 Apportation              Tloc           0%         N/A       100%        1
 Sandblast                Erth           0%         2d4       100%        1
 Summon Small Mammal      Summ           0%         N/A       100%        1
 Blink                    Tloc           0%         N/A       100%        2
 Ensorcelled Hibernation  Hex/Ice        0%         N/A       100%        2
 Passwall                 Tmut/Erth      0%         N/A       100%        2
 Lesser Beckoning         Tloc           0%         N/A       100%        3
 Stone Arrow              Conj/Erth      0%         3d7       100%        3
 Swiftness                Air            0%         N/A       100%        3
 Manifold Assault         Tloc           0%         N/A       100%        5


Dungeon Overview and Level Annotations

Branches:
Dungeon (6/15)
 Temple: D:4-7

Altars:
Uskayaw

Shops:
D:2 (


Innate Abilities, Weirdness & Mutations

You are immune to sickness and miasma.
Your stone body is resilient. (AC +6)
You are immune to poison.
You resist negative energy. (rN+)
You are resistant to electric shocks. (rElec)
You are resistant to unholy torment.
You are immune to petrification.


Message History

The two-headed ogre is moderately wounded.
Unknown command.
Aiming: Throw Flame
Press: ? - help, Shift-Dir - straight line, f/p - two-headed ogre
Aim: a two-headed ogre, wielding a +0 giant spiked club and a +0 giant club (moderately wounded, 85% to hit)
The puff of flame hits the two-headed ogre but does no damage.
The two-headed ogre is moderately wounded.
Unknown command.
Unknown command.
Aiming: Throw Flame
Press: ? - help, Shift-Dir - straight line, f/p - two-headed ogre
Aim: a two-headed ogre, wielding a +0 giant spiked club and a +0 giant club (moderately wounded, 85% to hit)
The puff of flame hits the two-headed ogre.
The two-headed ogre is heavily wounded.
Unknown command.
You hit the two-headed ogre but do no damage.
The two-headed ogre is heavily wounded.
The two-headed ogre hits you with a +0 giant spiked club!
The two-headed ogre hits you with a +0 giant club!!
Unknown command.
You closely miss the two-headed ogre.
The two-headed ogre is heavily wounded.
The two-headed ogre hits you with a +0 giant spiked club!
* * * LOW HITPOINT WARNING * * *
You block the two-headed ogre's attack.
Unknown command.
Okay, then.
You hit the two-headed ogre.
The two-headed ogre is heavily wounded.
The two-headed ogre barely misses you.
The two-headed ogre hits you with a +0 giant club.
* * * LOW HITPOINT WARNING * * *
Unknown command.
You sock the two-headed ogre!
The two-headed ogre is severely wounded.
Unknown command.
You hit the two-headed ogre.
The two-headed ogre is severely wounded.
The two-headed ogre hits you with a +0 giant spiked club!
You die...

#.##..^........#
#.##.............
##.##....#......#.
#........#......#
#....###.#.###### #....#
#.#.....# # #....#
#.......# .#### ##....#
###<....##......
###.#####.......@O......
# #.......########......
# #.......# ..... #
#.......# .... #
#.#.....# ### #
#.'.....# # ###.....####
# #.........
######........


You could see a two-headed ogre.

Vanquished Creatures
  Grinder (D:6)
  A steam dragon (D:6)
  2 water moccasins
  A black bear (D:6)
  2 ogres
  A kobold brigand (D:5)
  2 phantoms (D:5)
  2 bullfrogs
  3 scorpions
  A hound (D:5)
  2 jellies (D:6)
  4 iguanas
  Ijyb (D:4)
  2 orc wizards (D:4)
  5 adders
  3 worms
  5 dart slugs
  10 orcs
  9 ball pythons
  4 bats
  12 endoplasms
  6 giant cockroaches
  7 goblins
  6 hobgoblins
  5 jackals
  3 quokkas
  2 frilled lizards
  10 kobolds
  2 rats
114 creatures vanquished.

Notes
Turn   | Place    | Note
-------+----------+-------------------------------------------
     0 | D:1      | Antichthon the Gargoyle Fighter began the quest for the
                  | Orb.
     0 | D:1      | Reached XP level 1. HP: 14/14 MP: 1/1
   145 | D:1      | Reached XP level 2. HP: 17/19 MP: 2/2
   405 | D:1      | Found a faded altar of an unknown god.
   589 | D:2      | Reached XP level 3. HP: 23/23 MP: 3/3
   819 | D:2      | Found Xismion's Weapon Shoppe.
   917 | D:2      | Found a hide-covered altar of Uskayaw.
  1225 | D:2      | Reached XP level 4. HP: 29/29 MP: 4/4
  1979 | D:3      | Noticed a water moccasin
  1990 | D:3      | Killed a water moccasin
  1991 | D:3      | Reached skill level 3 in Maces & Flails
  1991 | D:3      | Reached skill level 1 in Dodging
  1991 | D:3      | Reached skill level 1 in Invocations
  1991 | D:3      | Reached XP level 5. HP: 27/33 MP: 5/5
  2250 | D:4      | Noticed Ijyb
  2378 | D:4      | Killed Ijyb
  2379 | D:4      | Reached XP level 6. HP: 35/38 MP: 6/6
  2440 | D:4      | Reached skill level 4 in Maces & Flails
  2589 | D:4      | Reached XP level 7. HP: 13/44 MP: 8/8
  3263 | D:5      | Entered Level 5 of the Dungeon
  3425 | D:5      | Reached skill level 5 in Maces & Flails
  3454 | D:5      | Reached skill level 5 in Armour
  3483 | D:5      | Identified the +10 hunting sling of Purpose {venom, rElec
                  | rPois Will+ Int-2}
  3607 | D:5      | Reached XP level 8. HP: 48/48 MP: 9/9
  3968 | D:6      | HP: 1/48 [steam dragon] (16)]
  3972 | D:6      | Reached skill level 5 in Fighting
  3972 | D:6      | Reached skill level 6 in Maces & Flails
  4075 | D:6      | Noticed Grinder
  4113 | D:6      | HP: 2/49 [ogre/+0 giant club (12)]
  4114 | D:6      | Paralysed by Grinder for 5 turns
  4123 | D:6      | Reached skill level 5 in Shields
  4191 | D:6      | Paralysed by Grinder for 4 turns
  4199 | D:6      | Killed Grinder
  4268 | D:6      | Reached skill level 7 in Maces & Flails
  4268 | D:6      | Reached XP level 9. HP: 55/55 MP: 11/11
  4294 | D:6      | Noticed a two-headed ogre
  4304 | D:6      | Slain by a two-headed ogre

Illustrated notes

Levels and vault maps discovered:
D:1:      lightli_arrival_lavapool, layout_rooms,
          hellmonk_ecumenical_altar_heavens_door, minmay_misc_feat_cross
D:2:      layout_loops_corners, basic_altar, serial_shops,
          nicolae_lakefront_shop
D:3:      layout_loops_ring
D:4:      layout_basic, uniq_ijyb
D:5:      layout_gridville
D:6:      layout_basic, serial_shops, nicolae_stop_n_shop_2, feat_on_display,
          uniq_grinder

Skill      XL: |  1  2  3  4  5  6  7  8 |
---------------+-------------------------+-----
Fighting       | 4 5 |  5.7
Maces & Flails | 3 4 5 7 |  7.0
Armour         | 4 5 6 |  6.1
Dodging        | 1 2 |  2.6
Invocations    | 1 2 3 |  3.6
Shields        | 4 5 |  5.4

Action                   |  1- 3 |  4- 6 |  7- 9 || total
-------------------------+-------+-------+-------++-------
Melee: Flail             |   114 |   202 |   233 ||   549
       Unarmed           |       |    12 |       ||    12
Evoke: Wand              |       |       |     5 ||     5
  Use: Scroll            |     4 |     2 |     4 ||    10
       Potion            |       |       |     3 ||     3
Armor: Scale mail        |    61 |     2 |       ||    63
       Plate armour      |       |   126 |   243 ||   369
       Chain mail        |       |    24 |       ||    24
Dodge: Dodged            |    67 |    57 |   121 ||   245
Block: Buckler           |    28 |    48 |    63 ||   139

Table legend: (Time is in decaauts)
 A = Elapsed time spent in this place.
 B = Non-inter-level travel time spent in this place.
 C = Inter-level travel time spent in this place.
 D = Time resting spent in this place.
 E = Time spent auto-exploring this place.
 F = Levels seen in this place.
 G = Mean time per level.
                   A        B        C        D        E       F      G
               +--------+--------+--------+--------+--------+-----+--------+
         Total |   4425 |   4211 |    214 |     57 |   2654 |   6 |  737.5 |
       Dungeon |   4425 |   4211 |    214 |     57 |   2654 |   6 |  737.5 |
               +--------+--------+--------+--------+--------+-----+--------+

Top non-repeatable levels by time:
     D:4: 1053 daAuts
     D:2: 1028 daAuts
     D:3: 758 daAuts
     D:5: 576 daAuts
     D:1: 529 daAuts
     D:6: 480 daAuts
